 Dungeon Crawl Stone Soup version 0.31-a0-486-g8d68a81214 (webtiles) character file.

Game seed: 14388645095912242659

9520 Xavori the Covert (level 11, -2/72 HPs)
             Began as an Octopode Chaos Knight on Aug 7, 2023.
             Was a Plaything of Xom.
             Killed by the air
             ... invoked by Gastronok
              (39 damage)
             ... on level 1 of the Lair of Beasts.
             The game lasted 00:11:07 (16381 turns).

Xavori the Covert (Octopode Chaos Knight)          Turns: 16381, Time: 00:11:08

Health: -2/72      AC:  5    Str: 19    XL:     11   Next: 47%
Magic:  17/17      EV: 15    Int: 14    God:    Xom [..*...]
Gold:   66         SH: 10    Dex: 13    Spells: 10/10 levels left

rFire   . . .        u - +2 short sword (elec)
rCold   . . .        a - +1 buckler
rNeg    + . .        (helmet restricted)
rPois   .            (no amulet)
rElec   .            e - +4 ring of protection
rCorr   .            i - ring of positive energy
SInv    +            y - ring of magical power
Will    .....        (no ring)
Stlth   ++++++++     (no ring)
HPRegen 0.32/turn    (no ring)
MPRegen 0.15/turn    (no ring)
                     (no ring)

%: no passive effects
@: no status effects
A: almost no armour, amphibious, 8 rings, camouflage 2, gelatinous body 1,
(nimble swimmer 1), tentacles, tentacle spike 1, large bone plates 1, see
invisible, low MP 2, passive freeze, strong 2
a: Renounce Religion


You were on level 1 of the Lair of Beasts.
You worshipped Xom.
You were a toy of Xom.
You visited 2 branches of the dungeon, and saw 12 of its levels.

You collected 470 gold pieces.
You spent 404 gold pieces at shops.

Inventory:

Hand Weapons
 u - a +2 short sword of electrocution (weapon)
Missiles
 K - a throwing net
Armour
 a - a +1 buckler (worn)
Jewellery
 e - a +4 ring of protection (left tentacle)
 i - a ring of positive energy (right tentacle)
 j - an amulet of magic regeneration
 y - a ring of magical power (on tentacle)
Wands
 h - a wand of paralysis (14)
 x - a wand of flame (59)
 E - a wand of digging (7)
 H - a wand of mindburst (6)
 L - a wand of light (7)
 M - a wand of iceblast (2)
Scrolls
 b - a scroll of butterflies
 c - 4 scrolls of blinking
 d - a scroll of brand weapon
 f - 3 scrolls of fog
 g - 2 scrolls of teleportation
 k - 3 scrolls of immolation
 l - 2 scrolls of poison
 m - 2 scrolls of vulnerability
 q - 3 scrolls of enchant weapon
 t - 2 scrolls of revelation
 C - a scroll of fear
 J - a scroll of amnesia
Potions
 n - 6 potions of heal wounds
 o - 5 potions of curing
 p - a potion of mutation
 r - 2 potions of magic
 v - 2 potions of brilliance
 w - a potion of cancellation
 z - a potion of lignification
 B - a potion of resistance {unknown}
 D - a potion of haste
 F - 2 potions of ambrosia
 G - a potion of enlightenment
 I - 2 potions of might
Miscellaneous
 s - a sack of spiders


   Skills:
 + Level 5.6 Fighting
 + Level 8.1 Short Blades
 + Level 6.5 Dodging
 + Level 14.6 Stealth
 + Level 5.5 Shields
 * Level 8.0 Evocations


You had 10 spell levels left.
You didn't know any spells.
Your spell library contained the following spells:

 Spells                   Type           Power      Damage    Failure   Level
 Necrotise                Necr           0%         1d4       34%         1
 Blink                    Tloc           0%         N/A       47%         2
 Cigotuvi's Dreadful Rot  Necr/Pois/Air  0%         N/A       47%         2
 Ensorcelled Hibernation  Hex/Ice        0%         N/A       47%         2
 Passwall                 Tmut/Erth      0%         N/A       47%         2
 Ignite Poison            Fire/Tmut/Pois 0%         N/A       71%         3
 Inner Flame              Hex/Fire       0%         N/A       71%         3
 Ozocubu's Armour         Ice            0%         N/A       71%         3
 Stone Arrow              Conj/Erth      0%         3d7       71%         3
 Swiftness                Air            0%         N/A       71%         3
 Vampiric Draining        Necr           0%         2d6       71%         3
 Anguish                  Hex/Necr       0%         N/A       98%         4
 Cause Fear               Hex            0%         N/A       98%         4
 Manifold Assault         Tloc           0%         N/A       98%         4
 Agony                    Necr           0%         N/A       100%        5
 Freezing Cloud           Conj/Ice/Air   0%         6-21      100%        5
 Metabolic Englaciation   Hex/Ice        0%         N/A       100%        5
 Yara's Violent Unravell  Hex/Tmut       0%         3d3       100%        5
 Simulacrum               Ice/Necr       0%         N/A       100%        6
 Enfeeble                 Hex            0%         N/A       100%        7
 Lehudib's Crystal Spear  Conj/Erth      0%         10d2      100%        8
 Animate Armour           Summ/Erth      Unusable   N/A       N/A         4

Dungeon Overview and Level Annotations

Branches:
Dungeon (11/15)            Temple (0/1) D:4            Lair (1/5) D:11
    Orc: D:9-12

Altars:
Ashenzari
Cheibriados
Elyvilon
Gozag
Nemelex Xobeh
Okawaru
Vehumet
Wu Jian
Xom
Yredelemnul

Shops:
D:5 :   D:6 *   D:8 **(   D:10 !

Annotations:
D:8 3 runed translucent doors
Lair:1 Gastronok


Innate Abilities, Weirdness & Mutations

You cannot wear most types of armour.
You are amphibious.
You can wear up to eight rings at the same time.
Your skin blends seamlessly with your surroundings (Stealth++).
Your rubbery body absorbs attacks. (AC +1, EV +1)
((You are camouflaged when in or above water. (Stealth+)))
You have tentacles for arms and can constrict up to eight enemies at once.
One of your tentacles bears a spike.
You are partially covered in large bone plates. (SH +4)
You have supernaturally acute eyesight. (SInv)
Your magical capacity is very low. (-20% MP)
A frigid envelope surrounds you and freezes all who hurt you.
Your muscles are very strong. (Str +8, Int/Dex -2)


Message History

You block the cyclops's attack.
You hit the cyclops.
The cyclops is heavily wounded.
You hit the cyclops. Lightning courses through the cyclops!
You tentacle-slap the cyclops.
You squeeze the cyclops, but do no damage.
The cyclops is severely wounded.
You hit the cyclops.
Your tentacle spike misses the cyclops.
You squeeze the cyclops.
The cyclops is almost dead.
The cyclops closely misses you.
You hit the cyclops. You squeeze the cyclops.
You kill the cyclops!
No target in view!
Okay, then.
Okay, then.
Search for what [Enter for "talisman", or ? for help]? short blade Search for what [Enter for "short blade", or ? for help]? talisman Can't find anything matching that.
Unknown command.
What level of the Lair of Beasts? (default 1, ? - help)
You see here 3 large rocks.
There is a staircase to the Lair here.
You climb downwards.
Welcome to the Lair of Beasts!
You feel an oppressive heat about you.
There is an entrance to a volcano on this level.
Hurry and find it before the entrance collapses!
Found a pink potion.
There is a staircase back to the Dungeon here.
Gastronok bites you!!!
Ouch! That really hurt!
Gastronok is very cold.
Gastronok is lightly wounded.
You are too injured to fight recklessly!
You are too injured to fight recklessly!
Okay, then.
Gastronok waves his eye-stalks in wide circles.
The air twists around and strikes you!!!
Ouch! That really hurt!
You die...
Xom laughs nastily!

######+####
#..........
#P.........
#..w......
#.........
+.........
#.@.....!.
#.####P..#
#. .#. ..
.# ... #
.... #....
#....


You could see Gastronok.

Vanquished Creatures
  A two-headed ogre (D:11)
  Amaemon (D:11)
  2 cyclopes (D:11)
  An orange demon (D:11)
  A komodo dragon (D:11)
  2 kobold demonologists
  Psyche (D:8)
  4 trolls
  Sigmund (D:6)
  A vampire (D:9)
  A wraith (D:11)
  12 yaks
  A basilisk (D:11)
  A steam dragon (D:6)
  2 vampire mosquitoes (D:11)
  A water moccasin (D:9)
  2 black bears
  2 orc warriors (D:10)
  6 centaurs
  A bullfrog (D:6)
  2 gnoll sergeants
  4 scorpions
  A killer bee (D:7)
  A howler monkey (D:9)
  A hound (D:7)
  3 jellies
  6 orc priests
  4 iguanas
  4 sleepcaps
  4 gnoll boudas (D:7)
  4 orc wizards
  Terence (D:2)
  Robin (D:2)
  21 gnolls
  4 adders
  A white imp (D:7)
  An ufetubus (D:5)
  2 worms
  3 dart slugs
  26 orcs
  8 ball pythons
  6 bats
  2 endoplasms
  3 giant cockroaches
  20 goblins
  11 hobgoblins
  6 jackals (D:1)
  2 quokkas (D:3)
  6 frilled lizards
  5 kobolds
  9 rats
216 creatures vanquished.

Vanquished Creatures (collateral kills)
  2 yaks (D:8)
2 creatures vanquished.

Grand Total: 218 creatures vanquished

Notes
Turn   | Place    | Note
-------+----------+-------------------------------------------
     0 | D:1      | Xavori the Octopode Chaos Knight began the quest for the
                  | Orb.
     0 | D:1      | Reached XP level 1. HP: 16/16 MP: 1/1
   160 | D:1      | Reached XP level 2. HP: 20/21 MP: 2/2
   293 | D:1      | XOM: silly message
   454 | D:1      | Reached XP level 3. HP: 15/26 MP: 3/3
   845 | D:1      | XOM: cloud trail
  1163 | D:1      | XOM is BORED!
  1163 | D:1      | XOM: noise
  1777 | D:1      | XOM: silly message
  2706 | D:1      | XOM: cloud trail
  2720 | D:1      | XOM is BORED!
  3710 | D:1      | XOM: cloud trail
  4218 | D:1      | XOM: scenery: create altars
  4537 | D:1      | XOM: summons 2 hostile demons
  4973 | D:1      | XOM: divination: detect creatures
  5359 | D:1      | XOM: god gift: scroll of blinking
  5557 | D:1      | XOM: summons 1 hostile shadow creature
  5817 | D:2      | XOM: god gift: white potion {god gift}
  6253 | D:1      | XOM: god gift: blue potion {god gift}
  6662 | D:1      | XOM is BORED!
  6662 | D:1      | XOM: stat loss: -3 Int (11/14)
  6672 | D:1      | XOM: cloud trail
  7393 | D:1      | XOM: cloud trail
  7936 | D:1      | XOM: give mutations
  7936 | D:1      | Gained mutation: Your magical capacity is low. (-10% MP)
                  | [Xom's mischief]
  7936 | D:1      | Gained mutation: Your muscles are strong. (Str +4, Int/Dex
                  | -1) [Xom's mischief]
  8122 | D:1      | XOM: give mutations
  8122 | D:1      | Gained mutation: A frigid envelope surrounds you and
                  | freezes all who hurt you. [Xom's grace]
  8122 | D:1      | Gained mutation: You are partially covered in large bone
                  | plates. (SH +4) [Xom's grace]
  8122 | D:1      | Gained mutation: Your skin blends seamlessly with your
                  | surroundings (Stealth++). [Xom's grace]
  8707 | D:1      | XOM: give mutations
  8707 | D:1      | Gained mutation: You expend magic power (3 MP) to
                  | strengthen your wands. [Xom's grace]
  8707 | D:1      | Gained mutation: You have supernaturally acute eyesight.
                  | (SInv) [Xom's grace]
  8796 | D:2      | XOM is BORED!
  8813 | D:2      | Noticed Terence
  8822 | D:2      | Killed Terence
  8823 | D:2      | Reached skill level 2 in Stealth
  8823 | D:2      | Reached XP level 4. HP: 14/31 MP: 3/3
  9421 | D:2      | Reached skill level 3 in Stealth
  9423 | D:2      | Noticed Robin
  9431 | D:2      | Killed Robin
  9432 | D:2      | Reached XP level 5. HP: 36/36 MP: 4/4
  9636 | D:2      | Found a broken altar of Ashenzari.
  9652 | D:2      | XOM: 3-stop teleportation journey
  9702 | D:2      | XOM: scenery: summon butterflies
  9872 | D:2      | XOM: give mutations
  9872 | D:2      | Gained mutation: Your muscles are very strong. (Str +8,
                  | Int/Dex -2) [Xom's grace]
  9872 | D:2      | Gained mutation: You possess an exceptional clarity of
                  | mind. [Xom's grace]
  9872 | D:2      | Gained mutation: Your mind is acute. (Int +4, Str/Dex -1)
                  | [Xom's grace]
  9875 | D:2      | XOM: give mutations
  9875 | D:2      | Gained mutation: One of your tentacles bears a spike.
                  | [Xom's mischief]
  9875 | D:2      | Lost mutation: You expend magic power (3 MP) to strengthen
                  | your wands. [Xom's mischief]
  9957 | D:3      | Reached skill level 4 in Stealth
  9957 | D:3      | XOM: scenery: summon butterflies
 10029 | D:3      | Found a white marble altar of Elyvilon.
 10096 | D:3      | XOM: enchant monster (bad)
 10106 | D:3      | XOM: cloud trail
 10296 | D:3      | XOM: god gift: sack of spiders
 10372 | D:3      | Found a faded altar of an unknown god.
 10425 | D:4      | Found a staircase to the Ecumenical Temple.
 10455 | D:4      | Reached skill level 5 in Stealth
 10496 | D:4      | Reached XP level 6. HP: 42/42 MP: 5/5
 10549 | D:4      | Noticed a black bear
 10555 | D:4      | Killed a black bear
 10556 | D:4      | Reached skill level 1 in Evocations
 10852 | D:5      | Entered Level 5 of the Dungeon
 10887 | D:5      | XOM: divination: magic mapping
 10899 | D:5      | Reached skill level 6 in Stealth
 10916 | D:4      | XOM: cloud trail
 11120 | D:5      | Reached XP level 7. HP: 21/47 MP: 6/6
 11157 | D:5      | XOM: torment (17/47 hp)
 11208 | D:5      | XOM: chaos cloud
 11370 | D:5      | Reached skill level 7 in Stealth
 11407 | D:5      | Found a faded altar of an unknown god.
 11407 | D:5      | Found a sparkling altar of Nemelex Xobeh.
 11414 | D:5      | Found a basalt altar of Yredelemnul.
 11416 | D:5      | Found a faded altar of an unknown god.
 11418 | D:5      | Found a snail-covered altar of Cheibriados.
 11421 | D:5      | Reached skill level 1 in Shields
 11500 | D:5      | Found Motzemig's Self-Published Books.
 11649 | D:5      | Found a radiant altar of Vehumet.
 11697 | D:6      | Reached skill level 5 in Short Blades
 11713 | D:6      | Reached skill level 8 in Stealth
 11713 | D:6      | Reached XP level 8. HP: 53/54 MP: 7/7
 11801 | D:6      | Noticed Sigmund
 11807 | D:6      | Killed Sigmund
 11819 | D:6      | Reached skill level 9 in Stealth
 11905 | D:6      | XOM: enchant monster (bad)
 11953 | D:6      | Found Liudull's Assorted Antiques.
 11956 | D:6      | Bought a scroll of identify for 48 gold pieces
 11956 | D:6      | Bought a scroll labelled ZONKUI EMOUR for 24 gold pieces
 11956 | D:6      | Bought a potion of heal wounds for 120 gold pieces
 12170 | D:7      | XOM: noise
 12174 | D:7      | XOM: summons 8 friendly demons
 12177 | D:7      | Reached skill level 10 in Stealth
 12245 | D:7      | Reached XP level 9. HP: 58/58 MP: 8/8
 12270 | D:7      | XOM: silly message
 12382 | D:7      | XOM: 3-stop teleportation journey
 12583 | D:7      | XOM is BORED!
 12585 | D:7      | XOM: noise
 12935 | D:7      | XOM: cloud trail
 13060 | D:8      | Noticed Psyche
 13061 | D:8      | Found Zuskiakki's General Store.
 13061 | D:8      | XOM: 1-stop teleportation journey
 13062 | D:8      | Found Zede's General Store.
 13094 | D:8      | Bought a scroll of teleportation for 36 gold pieces
 13094 | D:8      | Bought a potion of lignification for 36 gold pieces
 13218 | D:8      | XOM: 1-stop teleportation journey
 13219 | D:8      | Found an iron altar of Okawaru.
 13287 | D:8      | Killed Psyche
 13288 | D:8      | Reached skill level 11 in Stealth
 13288 | D:8      | Reached skill level 5 in Evocations
 13307 | D:8      | Found Dess's Magic Scroll Boutique.
 13317 | D:8      | Found Litaoxki's Weapon Emporium.
 13323 | D:8      | Identified the +3 ring mail of Amorality {Fly rElec rCorr
                  | Int-5}
 13327 | D:8      | Found a runed translucent gate.
 13329 | D:8      | Found a runed translucent gate.
 13330 | D:8      | Found a runed translucent gate.
 13331 | D:8      | Noticed a manticore
 13331 | D:8      | Noticed a death yak
 13331 | D:8      | Noticed a polar bear
 13355 | D:8      | XOM: enchant monster (good)
 13362 | D:8      | XOM: confuse monster(s)
 13381 | D:8      | XOM: confuse monster(s)
 13385 | D:8      | Reached skill level 5 in Dodging
 13688 | D:8      | XOM: cast spell 'Call Canine Familiar'
 13970 | D:9      | Reached XP level 10. HP: 65/65 MP: 9/9
 14037 | D:9      | XOM: noise
 14061 | D:9      | Reached skill level 12 in Stealth
 14114 | D:9      | XOM: give mutations
 14114 | D:9      | Gained mutation: Your magical capacity is very low. (-20%
                  | MP) [Xom's mischief]
 14114 | D:9      | Lost mutation: Your mind is acute. (Int +4, Str/Dex -1)
                  | [Xom's mischief]
 14114 | D:9      | Lost mutation: You possess an exceptional clarity of mind.
                  | [Xom's mischief]
 14628 | D:9      | Found an opulent altar of Gozag.
 14628 | D:9      | Found an ornate altar of the Wu Jian Council.
 14903 | D:10     | Entered Level 10 of the Dungeon
 15045 | D:10     | Noticed a kobold demonologist
 15045 | D:10     | XOM: 1-stop teleportation journey
 15056 | D:10     | Killed a kobold demonologist
 15191 | D:10     | Found Nib Wut's Distillery.
 15200 | D:10     | Bought a potion of curing for 42 gold pieces
 15200 | D:10     | Bought a potion of might for 56 gold pieces
 15200 | D:10     | Bought a potion of curing for 42 gold pieces
 15261 | D:10     | XOM: 3-stop teleportation journey
 15422 | D:11     | XOM: cast spell 'Monstrous Menagerie'
 15424 | D:11     | Noticed a two-headed ogre
 15427 | D:11     | XOM: confusion (+ monsters)
 15434 | D:11     | XOM: confuse monster(s)
 15435 | D:11     | Reached skill level 5 in Fighting
 15435 | D:11     | Reached skill level 13 in Stealth
 15436 | D:11     | Found a staircase to the Lair.
 15438 | D:11     | Killed a two-headed ogre
 15620 | D:11     | XOM: divination: magic mapping
 15624 | D:11     | XOM: summons friendly iron imp
 15638 | D:11     | Reached skill level 5 in Shields
 15638 | D:11     | Reached XP level 11. HP: 63/72 MP: 8/8
 15654 | D:11     | XOM: cloud trail
 15867 | D:11     | Reached skill level 14 in Stealth
 15874 | D:11     | Noticed a cyclops
 15896 | D:11     | XOM: silly message
 15909 | D:11     | Killed a cyclops
 15926 | D:11     | Noticed Amaemon
 15932 | D:11     | Killed Amaemon
 15932 | D:11     | XOM: smoke on damage
 16353 | D:11     | Noticed a cyclops
 16355 | D:11     | XOM: silly message
 16363 | D:11     | Killed a cyclops
 16377 | Lair:1   | Entered Level 1 of the Lair of Beasts
 16377 | Lair:1   | Noticed Gastronok
 16381 | Lair:1   | Killed from afar by Gastronok

Illustrated notes

Levels and vault maps discovered:
D:1:      ncdulo_watergridlock, layout_loops_corners, minmay_heptomino_d4
D:2:      layout_basic, basic_altar, uniq_robin, uniq_terence
D:3:      layout_rooms, general_overflow_altar,
          shapermc_ecumenical_altar_mp_vishouse
D:4:      layout_rooms, minmay_temple_entry_crystal_x
D:5:      layout_cave_pools, lemuel_coloured_pillars_altar,
          chequers_temple_overflow_minitemple, nicolae_custom_books
D:6:      layout_basic, serial_shops, shop, dk_vineyard_1, uniq_sigmund
D:7:      layout_rooms, kennysheep_opposing_triangles
D:8:      lemuel_bear_cage, layout_rooms, kennysheep_okawaru_gauntlet,
          serial_shops, shop, shop, nicolae_shop_tiny_statue_garden,
          nicolae_shop_waterfront, uniq_psyche
D:9:      layout_gridville, gammafunk_temple_overflow_statue
D:10:     layout_cross, serial_shops, nicolae_shop_waterfront
D:11:     layout_long_grid, lair_entry_dummy, uniq_amaemon
Lair:1:   layout_roguey, lightli_volcano_entry_magma_tube, uniq_gastronok,
          uniq_fannar

Skill      XL: |  1  2  3  4  5  6  7  8  9 10 11 |
---------------+----------------------------------+-----
Stealth        | 2 3 5 6 8 10 11 13 14 | 14.6
Dodging        | 3 5 6 |  6.5
Short Blades   | 4 5 6 7 8 |  8.1
Evocations     | 1 2 4 5 7 8 |  8.0
Shields        | 1 2 3 5 |  5.5
Fighting       | 4 5 |  5.6

Action                     |  1- 3 |  4- 6 |  7- 9 | 10-12 || total
---------------------------+-------+-------+-------+-------++-------
  Melee: Short sword       |    73 |   100 |   166 |   101 ||   440
         Constrict         |    12 |    26 |    36 |    13 ||    87
         Tentacles         |     9 |    22 |    42 |    25 ||    98
         Kick              |       |    15 |    69 |    39 ||   123
         Punch             |       |       |     3 |     3 ||     6
    Use: Scroll            |     4 |     9 |     6 |     5 ||    24
         Potion            |     2 |       |       |     1 ||     3
   Stab: Sleeping          |     7 |    17 |    13 |    12 ||    49
         Distracted        |       |     1 |     1 |       ||     2
         Confused          |       |       |     1 |     3 ||     4
 Armour: Skin              |    14 |    14 |    21 |     8 ||    57
  Dodge: Dodged            |    58 |    50 |    53 |    40 ||   201
  Block: Other             |     1 |    15 |       |       ||    16
         Buckler           |       |       |    40 |    34 ||    74

Table legend: (Time is in decaauts)
 A = Elapsed time spent in this place.
 B = Non-inter-level travel time spent in this place.
 C = Inter-level travel time spent in this place.
 D = Time resting spent in this place.
 E = Time spent auto-exploring this place.
 F = Levels seen in this place.
 G = Mean time per level.
                   A        B        C        D        E       F      G
               +--------+--------+--------+--------+--------+-----+--------+
         Total |  16272 |  15972 |    300 |   8874 |   5736 |  12 | 1356.0 |
       Dungeon |  16269 |  15969 |    300 |   8874 |   5736 |  11 | 1479.0 |
          Lair |      3 |      3 |      0 |      0 |      0 |   1 |    3.0 |
               +--------+--------+--------+--------+--------+-----+--------+

Top non-repeatable levels by time:
     D:1: 8238 daAuts
     D:2: 1697 daAuts
     D:7: 971 daAuts
     D:9: 949 daAuts
    D:11: 945 daAuts
     D:8: 885 daAuts
     D:5: 758 daAuts
     D:4: 503 daAuts
    D:10: 501 daAuts
     D:3: 456 daAuts
     D:6: 360 daAuts
  Lair:1: 3 daAuts
